 Dungeon Crawl Stone Soup version 0.27-a0-1281-ge233d83751 (webtiles) character file.

Game seed: 14695500454084539447

147 sanka the Changer (level 5, 0/33 HPs)
             Began as an Octopode Transmuter on June 13, 2021.
             Killed from afar by Blork the orc (11 damage)
             ... with a puff of flame
             ... on level 4 of the Dungeon.
             The game lasted 00:03:09 (3848 turns).

sanka the Changer (Octopode Transmuter)             Turns: 3848, Time: 00:03:10

Health: 0/33       AC:  2    Str: 10    XL:     5   Next: 29%
Magic:  6/8        EV: 19    Int: 15    God:
Gold:   139        SH:  0    Dex: 18    Spells: 2/8 levels left

rFire    . . .     SeeInvis .     - Unarmed
rCold    . . .     Faith    .   (shield currently unavailable)
rNeg     . . .     Spirit   .   (helmet currently unavailable)
rPois    x         Reflect  .   (no amulet)
rElec    .         Harm     .   (no ring)
rCorr    .         Rampage  .   (no ring)
Will     .....                  (no ring)
Stlth    ++........             (no ring)
HPRegen  0.11/turn              (no ring)
MPRegen  0.11/turn              (no ring)
                                (no ring)
                                (no ring)

@: spider-form (expiring)
A: venomous fangs, almost no armour, (amphibious), 8 rings, tiny, (camouflage
1), (gelatinous body 1), (nimble swimmer 1), (tentacles)
a: End Transformation


You were on level 4 of the Dungeon.
You were a venomous arachnid creature.
You visited 1 branch of the dungeon, and saw 4 of its levels.

You collected 139 gold pieces.


Innate Abilities, Weirdness & Mutations

You are a venomous arachnid creature.
You have poisonous fangs.
You are tiny and dextrous.
Your spellcasting is less reliable in this form.
Your armour is entirely melded.
You are incapable of wielding weapons or throwing items.
You cannot wear most types of armour.
((You are amphibious.))
You can wear up to eight rings at the same time.
((Your skin changes colour to match your surroundings (Stealth+).))
((Your rubbery body absorbs attacks. (AC +1, EV +1)))
((You are camouflaged near water. (Stealth+)))
((You have tentacles for arms and can constrict up to eight enemies at once.))


   Skills:
 - Level 1.0 Fighting
 - Level 2.0 Dodging
 - Level 3.0 Unarmed Combat
 - Level 2.0 Spellcasting
 - Level 5.0 Transmutations
 + Level 2.0 Poison Magic


You had 2 spell levels left.
You knew the following spells:

 Your Spells              Type           Power      Damage    Failure   Level
x - Spider Form           Tmut/Pois      6%         N/A       34%         3
y - Wereblood             Tmut           16%        N/A       13%         2
z - Beastly Appendage     Tmut           32%        N/A       10%         1

Your spell library contained the following spells:

 Spells                   Type           Power      Damage    Failure   Level
 Ice Form                 Ice/Tmut       9%         N/A       80%         4

Inventory:

Missiles
 g - a throwing net {=f}
Scrolls
 a - 2 scrolls of identify {unknown}
 b - a scroll of teleportation {unknown}
 c - a scroll of silence {unknown}
 d - a scroll of summoning {unknown}
 e - a scroll of holy word {unknown}
 f - 2 scrolls of noise {unknown}
Potions
 h - 2 potions of curing {unknown}

Dungeon Overview and Level Annotations

Branches:
Dungeon (4/15)
 Temple: D:4-7

Altars:
Trog

Annotations:
D:4 Blork the orc

..... ...▒.
.£..▒▒ ▒▒▒▒
▒....▒▒..▒▒
▒........▒▒
▒.........▒▒▒
▒▒...........▒
▒▒..▒▒...<...▒
▒....s▒▒...▒▒▒
▒...o.......▒
▒..▒▒..▒▒▒▒....▒
▒.. ▒..▒ ....▒ .
▒..▒ ...▒▒ ▒▒.▒
...▒ ... ....
▒..


You could see Blork the orc (extremely poisoned).


Message History

Blork the orc looks as sick as possible!
Blork the orc is heavily wounded.
You hit Blork the orc.
Blork the orc looks as sick as possible!
Blork the orc is heavily wounded.
Blork the orc completely misses you.
You barely miss Blork the orc.
Blork the orc is heavily wounded.
Blork the orc hits you with a +0 mace.
You barely miss Blork the orc.
Blork the orc is severely wounded.
Your transformation is almost over.
Blork the orc closely misses you.
You barely miss Blork the orc.
Blork the orc is severely wounded.
Blork the orc looks encouraged for a moment.
Unknown command.
You hit Blork the orc but do no damage.
Blork the orc looks as sick as possible!
Blork the orc is severely wounded.
Blork the orc screams, "I'll decorate my home with your organs!"
Blork the orc casts a spell at you. The puff of frost hits you!
* * * LOW HITPOINT WARNING * * *
You hit Blork the orc.
Blork the orc looks as sick as possible!
Blork the orc is almost dead.
Blork the orc casts a spell at you. The puff of flame hits you!
You die...

Action                   |  1- 3 |  4- 6 || total
-------------------------+-------+-------++-------
Melee: Unarmed           |   116 |    80 ||   196
       Constrict         |    30 |    21 ||    51
       Tentacles         |    20 |     9 ||    29
       Punch             |     1 |     3 ||     4
 Cast: Spider Form       |       |     2 ||     2
 Stab: Sleeping          |    12 |     6 ||    18
Armor: Skin              |     3 |     3 ||     6
Dodge: Dodged            |    61 |    47 ||   108

Levels and vault maps discovered:
D:1:      wander_arrival_peaceful_grave, layout_basic,
          hellmonk_ecumenical_altar_watching_god
D:2:      layout_loops_ring
D:3:      minmay_inner_zag, layout_loops_cross, trog_antimagical,
          minmay_surrounded
D:4:      minmay_bubble_buster, layout_cave_pools,
          minmay_shop_enchanted_jewellery, uniq_blork_the_orc, uniq_robin

Notes
Turn   | Place    | Note
-------+----------+-------------------------------------------
     0 | D:1      | sanka the Octopode Transmuter began the quest for the Orb.
     0 | D:1      | Reached XP level 1. HP: 13/13 MP: 3/3
   322 | D:1      | Reached XP level 2. HP: 17/18 MP: 5/5
   425 | D:1      | Reached skill level 3 in Transmutations
   431 | D:1      | Noticed a shining eye
   432 | D:1      | Found a faded altar of an unknown god.
   530 | D:1      | Noticed a floating eye
   536 | D:1      | Noticed a floating eye
   549 | D:1      | Noticed a golden eye
   899 | D:1      | Reached XP level 3. HP: 19/23 MP: 6/6
  1842 | D:2      | Reached skill level 4 in Transmutations
  2121 | D:2      | Reached XP level 4. HP: 26/28 MP: 7/7
  2438 | D:2      | Learned a level 2 spell: Wereblood
  2442 | D:2      | Learned a level 3 spell: Spider Form
  3274 | D:3      | Reached skill level 5 in Transmutations
  3335 | D:3      | Reached XP level 5. HP: 33/33 MP: 8/8
  3358 | D:3      | Found a bloodstained altar of Trog.
  3368 | D:3      | Reached skill level 1 in Poison Magic
  3783 | D:3      | Reached skill level 2 in Poison Magic
  3835 | D:4      | Noticed Blork the orc
  3848 | D:4      | Killed from afar by Blork the orc

Vanquished Creatures
  2 gnolls (D:3)
  6 adders
  2 dart slugs (D:3)
  7 ball pythons (D:1)
  2 bats (D:1)
  3 endoplasms
  4 giant cockroaches
  4 goblins
  10 hobgoblins
  6 jackals
  6 kobolds
  3 quokkas
  5 frilled lizards
  6 rats
66 creatures vanquished.
